cohdb
Replays
Latest Replays
All Replays
Popular Replays
Top Player Replays
Match Explorer
How It Works
Community
CoH3 Stats
Reddit
Sign in to upload your games and track your stats! →
Sign in with Steam
Match 42367042
Unlisted
Match 42367042
Overview
Messages
Build Orders
End
Engineer Squad
Construct Weapon Support Center
M1919 Machine Gun Team
M1919 Machine Gun Team
Bazooka Squad
Infantry Support Center
Bazooka Squad
Construct Medical Station
Selects Heavy Weapons
Selects Assault Carriers
Selects Halftrack Strongpoints
M3 Assault Carrier
Engineer Squad
Selects M2HB .50cal Heavy Machine Gun
ßoo
Tactical Nuclear Cow
Broche
Punished Beans
0
0
Comments
sign in to comment!
No comments posted yet!